AoeStats
← b站江条

Hideout

509569373Analyzed
1v1 RM · 4d ago on Sep 27, 2026· 27m 44s· 2 players
Game mode
Random Map
Map size
Tiny (2 player)
Population
200
Speed
Normal
Resources
Standard
Victory
Conquest
Starting age
Dark Age
Ending age
Imperial Age
RankedLock teamsTeams togetherTeam positionsShared explorationLock speedFull tech treeHidden civsTurbo modeCheats
Victory
Defeat
🇩🇪 Spanish · Germany
1368
+15
🇨🇳 Saracens · China
1357
-15
b站江条
8:45 Feudal Age
9:25 Double-Bit Axe
14:36 Loom
15:55 Fletching
20:56 Castle Age
19:39 Padded Archer Armor
19:32 Horse Collar
20:55 Stone Mining
21:12 Crossbowman
21:51 Bodkin Arrow
22:08 Gold Mining
28:10 Ballistics
Frimbolin
7:58 Loom
10:31 Feudal Age
14:49 Castle Age
21:16 Padded Archer Armor
21:19 Double-Bit Axe
21:26 Horse Collar
27:25 Leather Archer Armor
Connection lost

Rejoining the realm…

Still unreachable

The connection could not be restored.

Session expired

The server has moved on; the page needs a fresh start.